 Dungeon Crawl Stone Soup version 0.29-a0-337-g68df138881 (webtiles) character file.

Game seed: 3601529698641652810

584 spaghetti the Conjurer (level 7, -2/45 HPs)
             Began as an Octopode Conjurer on Apr 16, 2022.
             Slain by a steam dragon (4 damage)
             ... on level 6 of the Dungeon.
             The game lasted 00:04:53 (3855 turns).

spaghetti the Conjurer (Octopode Conjurer)          Turns: 3855, Time: 00:04:53

Health: -2/45      AC:  1    Str:  7    XL:     7   Next: 37%
Magic:  1/12       EV: 13    Int: 22    God:
Gold:   64         SH:  0    Dex: 10    Spells: 10/13 levels left

rFire   . . .      SeeInvis .   (no weapon)
rCold   . . .      Faith    .   (no shield)
rNeg    . . .      Spirit   .   (helmet restricted)
rPois   .          Reflect  .   (no amulet)
rElec   .          Harm     .   (no ring)
rCorr   .          Rampage  .   (no ring)
Will    .....                   (no ring)
Stlth   +++.......              (no ring)
HPRegen 0.15/turn               (no ring)
MPRegen 0.13/turn               (no ring)
                                (no ring)
                                (no ring)

@: no status effects
A: almost no armour, amphibious, 8 rings, camouflage 1, gelatinous body 1,
(nimble swimmer 1), tentacles
a: no special abilities


You were on level 6 of the Dungeon.
You visited 1 branch of the dungeon, and saw 6 of its levels.

You collected 142 gold pieces.
You spent 78 gold pieces at shops.


Innate Abilities, Weirdness & Mutations

You cannot wear most types of armour.
You are amphibious.
You can wear up to eight rings at the same time.
Your skin changes colour to match your surroundings (Stealth+).
Your rubbery body absorbs attacks. (AC +1, EV +1)
((You are camouflaged when in or above water. (Stealth+)))
You have tentacles for arms and can constrict up to eight enemies at once.


   Skills:
 + Level 2.1 Fighting
 + Level 3.0 Dodging
 + Level 4.2 Stealth
 * Level 3.5 Spellcasting
 * Level 5.1 Conjurations
 + Level 1.8 Hexes
 + Level 1.7 Translocations
 + Level 2.0 Ice Magic
 + Level 2.0 Air Magic


You had 10 spell levels left.
You knew the following spells:

 Your Spells              Type           Power      Damage    Failure   Level
a - Magic Dart            Conj           100%       1d8       1%          1
b - Searing Ray           Conj           52%        2d6       2%          2

Your spell library contained the following spells:

 Spells                   Type           Power      Damage    Failure   Level
 Dazzling Flash           Conj/Hex       38%        N/A       9%          3
 Sublimation of Blood     Necr           3%         N/A       19%         2
 Wereblood                Tmut           3%         N/A       19%         2
 Fulminant Prism          Conj/Hex       9%         3d7       28%         4
 Iskenderun's Mystic Bla  Conj/Tloc      18%        2d6       28%         4
 Freezing Cloud           Conj/Ice/Air   8%         6-21      67%         5
 Simulacrum               Ice/Necr       4%         N/A       100%        6
 Summon Hydra             Summ           1%         N/A       100%        7
 Polar Vortex             Ice            6%         N/A       100%        9

Inventory:

Hand Weapons
 b - a +0 dagger {short}
   (You took it off a goblin on level 3 of the Dungeon)
 h - a +0 dagger {short}
   (You took it off a goblin on level 2 of the Dungeon)
 j - a +0 long sword {long}
   (You found it on level 2 of the Dungeon)
 k - a +0 dagger {short}
   (You took it off a goblin on level 2 of the Dungeon)
 m - a +0 club {mace}
   (You found it on level 2 of the Dungeon)
 n - a +0 club {mace}
   (You took it off a goblin on level 2 of the Dungeon)
 o - a +0 dagger {short}
   (You took it off a goblin on level 2 of the Dungeon)
 p - a +0 dagger {short}
   (You took it off a goblin on level 2 of the Dungeon)
 r - a +0 club {mace}
   (You took it off a goblin on level 2 of the Dungeon)
 s - a +0 club {mace}
   (You took it off a goblin on level 2 of the Dungeon)
 w - a +0 whip {mace}
   (You found it on level 2 of the Dungeon)
 y - a +0 dagger {short}
   (You took it off a goblin on level 2 of the Dungeon)
 z - a +0 mace {mace}
   (You found it on level 2 of the Dungeon)
 A - a +0 trident {polearm}
   (You found it on level 3 of the Dungeon)
 D - a +0 war axe {axe}
   (You found it on level 4 of the Dungeon)
 E - a +1 mace of holy wrath {mace}
   (You found it on level 5 of the Dungeon)
 H - a +0 falchion {long}
   (You found it on level 5 of the Dungeon)
 M - a +0 whip {mace}
   (You took it off an orc on level 5 of the Dungeon)
 N - a +1 dagger of venom {short}
   (You took it off an orc on level 5 of the Dungeon)
 O - a +0 dagger {short}
   (You took it off an orc priest on level 5 of the Dungeon)
 P - a +0 shortbow {bow}
   (You found it on level 6 of the Dungeon)
 Q - a +0 falchion {long}
   (You found it on level 6 of the Dungeon)
Missiles
 c - 3 poisoned darts {throwing}
 t - 78 stones {throwing}
Jewellery
 e - a ring of protection from fire
   (You found it on level 1 of the Dungeon)
Wands
 F - a wand of charming (11)
   (You found it on level 5 of the Dungeon)
 G - a wand of paralysis (10)
   (You found it on level 5 of the Dungeon)
Scrolls
 f - 2 scrolls of brand weapon
 g - 3 scrolls of magic mapping {!r}
 i - a scroll of blinking {!r}
 u - 3 scrolls of silence {!r}
 B - 2 scrolls of immolation {unknown}
 C - a scroll of enchant armour {unknown}
 I - 2 scrolls of identify {@r1}
 K - 4 scrolls of teleportation {unknown}
 L - a scroll of fog {unknown}
Potions
 a - a potion of lignification {!q}
 d - 5 potions of heal wounds {unknown}
 l - a potion of resistance {unknown}
 q - a potion of attraction {unknown}
 v - 2 potions of flight {unknown}
 x - 2 potions of berserk rage {unknown}
 J - a potion of curing {unknown}

Dungeon Overview and Level Annotations

Branches:
Dungeon (6/15)
 Temple: D:4-7

Altars:

Shops:
D:3

?
.####.#.#........#
# #.########.# #.#
# ### #.# #.###.#
#ยง....# #ยง#####
#.# #@# #D# #.#
#.# ... .h. ...
...##


You could see a steam dragon (catching breath) and a howler monkey.


Message History

There is an open door here.
You see here a +0 scale mail.
There is an open door here.
Key pressed, stopping explore.
Key pressed, stopping explore.
Key pressed, stopping explore.
Found a stone staircase leading up.
Key pressed, stopping explore.
Key pressed, stopping explore.
There is a stone staircase leading down here.
Key pressed, stopping explore.
Key pressed, stopping explore.
There is an open door here.
Partly explored, can't reach some items.
(D) Dungeon
Where to? (Enter - D:3, ? - help)
There is a stone staircase leading down here.
You climb downwards.
There is a stone staircase leading up here.
Unknown command.
Unknown command.
P - a +0 shortbow {bow}
Q - a +0 falchion {long} A steam dragon comes into view.
A steam dragon is nearby!
A steam dragon is nearby!
Casting: Searing Ray (safe; 2% risk of failure)
Confirm with . or Enter, or press ? or * to list all spells.
Aiming: Searing Ray (safe; 2% risk of failure)
Press: ? - help, Shift-Dir - straight line, f - steam dragon
Aim: a steam dragon (wandering, hasn't noticed you, 79% to hit)
The searing ray hits the steam dragon but does no damage.
The steam dragon hisses angrily. (Press . to maintain the ray.) ๐Ÿ˜Ž MP[-2]
You lost 2 mp, and now have 10/12 mp.
The searing ray hits the steam dragon. ๐Ÿ˜Ž MP[-1]
You lost 1 mp, and now have 9/12 mp.
The searing ray misses the steam dragon. ๐Ÿ˜Ž MP[-1]
You lost 1 mp, and now have 8/12 mp.
The searing ray hits the steam dragon.
You finish channelling your searing ray.
The steam dragon breathes steam at you. The ball of steam hits you.
You hear a howl!
You hear a shout! ๐Ÿ˜• HP[-5] MP[-1]
You take 5 damage, and now have 40/45 hp.
You lost 1 mp, and now have 7/12 mp.
Unknown command.
Casting: Searing Ray (safe; 2% risk of failure)
Confirm with . or Enter, or press ? or * to list all spells.
Aiming: Searing Ray (safe; 2% risk of failure)
Press: ? - help, Shift-Dir - straight line, f/p - steam dragon
Aim: a steam dragon (moderately wounded, 79% to hit)
The searing ray hits the steam dragon. (Press . to maintain the ray.)
You are engulfed in a cloud of scalding steam.
The steam dragon bites you.
The steam dragon barely misses you. ๐Ÿ˜ฎ HP[-12] MP[-2]
You take 12 damage, and now have 28/45 hp.
MASSIVE DAMAGE!! (PAUSE)
You lost 2 mp, and now have 5/12 mp.
The searing ray hits the steam dragon.
You are engulfed in a cloud of scalding steam.
The steam dragon bites you!
* * * LOW HITPOINT WARNING * * *
The steam dragon closely misses you. ๐Ÿ˜จ HP[-8] MP[-1]
You take 8 damage, and now have 20/45 hp.
You lost 1 mp, and now have 4/12 mp.
Unknown command.
The searing ray hits the steam dragon.
You are engulfed in a cloud of scalding steam.
* * * LOW HITPOINT WARNING * * *
A howler monkey comes into view.
The steam dragon closely misses you.
The steam dragon claws you but does no damage. ๐Ÿ˜จ HP[-6] MP[-1]
You take 6 damage, and now have 14/45 hp.
You lost 1 mp, and now have 3/12 mp.
The searing ray hits the steam dragon!
You finish channelling your searing ray.
The steam dragon breathes steam at you. The ball of steam misses you.
You hear a shout! x4
Casting: Searing Ray (safe; 2% risk of failure)
Confirm with . or Enter, or press ? or * to list all spells.
Aiming: Searing Ray (safe; 2% risk of failure)
Press: ? - help, Shift-Dir - straight line, f/p - steam dragon
Aim: a steam dragon (severely wounded, catching its breath, 79% to hit)
The searing ray hits the steam dragon but does no damage. (Press . to maintain the ray.)
You are engulfed in a cloud of scalding steam.
* * * LOW HITPOINT WARNING * * *
The steam dragon bites you.
* * * LOW HITPOINT WARNING * * *
The steam dragon claws you.
You die...

Skill      XL: |  1  2  3  4  5  6  7 |
---------------+----------------------+-----
Stealth        | 3 4 |  4.2
Fighting       | 1 2 |  2.1
Hexes          | 1 |  1.8
Ice Magic      | 1 2 |  2.0
Air Magic      | 1 2 |  2.0
Translocations | 1 |  1.7
Spellcasting   | 3 |  3.5
Dodging        | 3 |  3.0
Conjurations   | 5 |  5.1

Action                   |  1- 3 |  4- 6 |  7- 9 || total
-------------------------+-------+-------+-------++-------
Melee: Unarmed           |     5 |     3 |       ||     8
       Constrict         |     1 |       |       ||     1
 Cast: Magic Dart        |    54 |    55 |       ||   109
       Searing Ray       |       |     7 |     8 ||    15
  Use: Potion            |       |     1 |       ||     1
       Scroll            |       |     5 |       ||     5
Armor: Skin              |       |     1 |     1 ||     2
Dodge: Dodged            |     1 |     9 |    11 ||    21

Levels and vault maps discovered:
D:1:      minmay_arrival_doors, layout_basic
D:2:      layout_rooms, nicolae_figureground_sparkle
D:3:      layout_basic, serial_shops, shop_fountains, hangedman_decor_opposing
D:4:      layout_loops_corners, overflow_temple_1_default, minmay_pentomino_pile
D:5:      lemuel_ice_spiral_2, layout_basic, uniq_menkaure
D:6:      layout_basic, temple_green

Notes
Turn   | Place    | Note
-------+----------+-------------------------------------------
     0 | D:1      | spaghetti the Octopode Conjurer began the quest for the
                  | Orb.
     0 | D:1      | Reached XP level 1. HP: 11/11 MP: 3/3
     0 | D:1      | magus.rc [v1.9.6]
   174 | D:1      | You pick up a book of Ice and begin reading...
   174 | D:1      | You add the spells Freezing Cloud, Simulacrum and Polar
                  | Vortex to your library.
   422 | D:1      | Reached XP level 2. HP: 18/18 MP: 3/5
   864 | D:2      | Reached XP level 3. HP: 22/22 MP: 1/6
   975 | D:2      | Reached skill level 3 in Stealth
  1139 | D:2      | Learned a level 2 spell: Searing Ray
  1288 | D:2      | Reached skill level 1 in Fighting
  1439 | D:2      | Reached XP level 4. HP: 28/28 MP: 4/7
  1704 | D:3      | Noticed a sky beast
  1716 | D:3      | Killed a sky beast
  1717 | D:3      | Reached skill level 1 in Hexes
  1717 | D:3      | Reached skill level 1 in Ice Magic
  1717 | D:3      | Reached skill level 1 in Air Magic
  1717 | D:3      | Reached XP level 5. HP: 18/33 MP: 5/9
  1982 | D:3      | Found Bueheal's Magic Scroll Shoppe.
  1991 | D:3      | Bought 3 scrolls of identify for 78 gold pieces
  2328 | D:3      | Reached skill level 1 in Translocations
  2929 | D:4      | Reached skill level 3 in Spellcasting
  2929 | D:4      | Reached XP level 6. HP: 38/38 MP: 5/10
  2939 | D:5      | Entered Level 5 of the Dungeon
  3253 | D:5      | Noticed Menkaure
  3257 | D:5      | Killed Menkaure
  3258 | D:5      | Reached skill level 2 in Fighting
  3258 | D:5      | Reached skill level 4 in Stealth
  3258 | D:5      | Reached XP level 7. HP: 45/45 MP: 5/12
  3382 | D:5      | Reached skill level 2 in Air Magic
  3387 | D:5      | Reached skill level 3 in Dodging
  3387 | D:5      | Reached skill level 5 in Conjurations
  3389 | D:5      | Reached skill level 2 in Ice Magic
  3526 | D:5      | You pick up a book of Blood and begin reading...
  3526 | D:5      | You add the spells Sublimation of Blood, Wereblood and
                  | Summon Hydra to your library.
  3846 | D:6      | Noticed a steam dragon
  3855 | D:6      | HP: 2/45 [steam dragon] (12)]
  3855 | D:6      | Slain by a steam dragon

Vanquished Creatures
  Menkaure (D:5)
  A sky beast (D:3)
  An ogre (D:5)
  A howler monkey (D:5)
  An orc priest (D:5)
  2 hounds (D:5)
  An iguana (D:4)
  7 adders
  A gnoll (D:4)
  A white imp (D:5)
  An ufetubus (D:4)
  A worm (D:3)
  A dart slug (D:3)
  2 orcs (D:5)
  2 endoplasms (D:1)
  3 giant cockroaches
  9 goblins
  4 hobgoblins
  8 ball pythons
  3 bats
  5 frilled lizards
  3 rats
59 creatures vanquished.

Table legend:
 A = Non-vault XP
 B = Vault XP
 C = Vault XP percentage of total XP
 D = Non-vault monster count
 E = Vault monster count
 F = Vault count percentage of total count
                 A         B        C        D         E       F
            +---------+---------+-------+---------+---------+-------
      Total |     652 |     183 |  21.9 |      55 |       4 |   6.8
            +---------+---------+-------+---------+---------+-------
        D:1 |      16 |       0 |   0.0 |      12 |       0 |   0.0
        D:2 |      82 |       0 |   0.0 |      21 |       0 |   0.0
        D:3 |     162 |       0 |   0.0 |       9 |       0 |   0.0
        D:4 |      51 |      11 |  17.7 |       2 |       3 |  60.0
        D:5 |     341 |     172 |  33.5 |      11 |       1 |   8.3
            +---------+---------+-------+---------+---------+-------

Illustrated notes

Table legend:
 A = Kills in this place as a percentage of kills in entire the game.
 B = Kills by you in this place as a percentage of kills by you in the entire game.
 C = Kills by friends in this place as a percentage of kills by friends in the entire game.
 D = Other kills in this place as a percentage of other kills in the entire game.
 E = Experience gained in this place as a percentage of experience gained in the entire game.
 F = Experience gained in this place divided by the number of levels of this place that you have seen.
                   A       B       C       D       E      F
               +-------+-------+-------+-------+-------+----------------------
         Total | 100.0 | 100.0 |   N/A |   N/A | 100.0 | 139.2
       Dungeon | 100.0 | 100.0 |   N/A |   N/A | 100.0 | 139.2
               +-------+-------+-------+-------+-------+----------------------

Table legend: (Time is in decaauts)
 A = Elapsed time spent in this place.
 B = Non-inter-level travel time spent in this place.
 C = Inter-level travel time spent in this place.
 D = Time resting spent in this place.
 E = Time spent auto-exploring this place.
 F = Levels seen in this place.
 G = Mean time per level.
                   A        B        C        D        E       F      G
               +--------+--------+--------+--------+--------+-----+--------+
         Total |   3853 |   3746 |    107 |    362 |   3061 |   6 |  642.2 |
       Dungeon |   3853 |   3746 |    107 |    362 |   3061 |   6 |  642.2 |
               +--------+--------+--------+--------+--------+-----+--------+

Top non-repeatable levels by time:
     D:3: 968 daAuts
     D:2: 921 daAuts
     D:5: 886 daAuts
     D:1: 781 daAuts
     D:4: 266 daAuts
     D:6: 28 daAuts
